 Dungeon Crawl Stone Soup version 0.27-a0-1280-g9d2d252d84 (webtiles) character file.

Game seed: 6837102250718081937

10 Glokmah the Grasshopper (level 2, -3/25 HPs)
             Began as a Draconian Warper on June 13, 2021.
             Slain by a gnoll (11 damage)
             ... on level 1 of the Dungeon.
             The game lasted 00:00:48 (766 turns).

Glokmah the Grasshopper (Draconian Warper)           Turns: 766, Time: 00:00:48

Health: -3/25      AC:  4    Str: 13    XL:     2   Next: 10%
Magic:  5/5        EV: 12    Int: 13    God:
Gold:   63         SH:  0    Dex: 10    Spells: 5/5 levels left

rFire    . . .     SeeInvis .   a - +0 spear
rCold    . . .     Faith    .   (no shield)
rNeg     . . .     Spirit   .   (armour unavailable)
rPois    +         Reflect  .   (helmet restricted)
rElec    .         Harm     .   (no cloak)
rCorr    .         Rampage  .   (no gloves)
Will     .....                  (no boots)
Stlth    +.........             (no amulet)
HPRegen  0.08/turn              i - ring of poison resistance
MPRegen  0.09/turn              (no ring)

@: no status effects
A: AC +4, unfitting armour, cold-blooded
a: no special abilities


You were on level 1 of the Dungeon.
You visited 1 branch of the dungeon, and saw 1 of its levels.

You collected 63 gold pieces.

Inventory:

Hand Weapons
 a - a +0 spear (weapon)
Missiles
 d - 5 boomerangs of dispersal (quivered)
Jewellery
 b - a ring of fire
 i - a ring of poison resistance (left hand)
Scrolls
 c - a scroll of blinking
 e - a scroll of identify {unknown}
 h - a scroll of teleportation {unknown}
Potions
 f - a potion of heal wounds {unknown}
 g - a potion of brilliance {unknown}


   Skills:
 + Level 2.3 Fighting
 * Level 2.2 Polearms
 - Level 0.8 Throwing
 + Level 2.2 Dodging
 + Level 2.1 Spellcasting
 * Level 3.2 Translocations


You had 5 spell levels left.
You didn't know any spells.
Your spell library contained the following spells:

 Spells                   Type           Power      Damage    Failure   Level
 Blink                    Tloc           N/A        N/A       11%         2
 Gell's Gravitas          Tloc           4%         N/A       21%         3
 Lesser Beckoning         Tloc           4%         N/A       21%         3
 Teleport Other           Tloc           9%         N/A       21%         3
 Manifold Assault         Tloc           9%         N/A       88%         5


Dungeon Overview and Level Annotations

Branches:
Dungeon (1/15)

Altars:


Innate Abilities, Weirdness & Mutations

Your plain brown scales are hard. (AC +4)
You cannot fit into any form of body armour.
You are cold-blooded and may be slowed by cold attacks.


Message History

The kobold is heavily wounded.
The kobold barely misses you.
You barely miss the kobold.
The kobold is heavily wounded.
The kobold barely misses you.
You hit the kobold.
You kill the kobold!
Things that are here:
a +0 whip; a kobold corpse
Found a stone staircase leading down.
You open the door.
There is an open door here.
An endoplasm comes into view.
The endoplasm quivers.
An endoplasm and a gnoll come into view.
The gnoll shouts!
Found 7 gold pieces.
You reach to attack!
You hit the endoplasm.
The endoplasm is heavily wounded.
You hit the endoplasm.
You kill the endoplasm!
You have reached level 2!
You hit the endoplasm.
The endoplasm is moderately wounded.
The endoplasm freezes you.
You are frozen.
You hit the endoplasm.
You kill the endoplasm!
You hit the gnoll but do no damage.
You tail-slap the gnoll, but do no damage.
The gnoll hits you with a +0 flail!
You are too injured to fight recklessly!
You are too injured to fight recklessly!
The gnoll hits you with a +0 flail.
You hit the gnoll.
The gnoll is moderately wounded.
You hit the gnoll.
The gnoll is heavily wounded.
The gnoll hits you with a +0 flail!
You die...

#.####.# #.#..#.# #######
##+##.#.# ......# ###..##.#.#
###### #####.# .....#.#.#
#..... #.# #.#.#.#.###.####
### #.##### # ###........##.#
## ..#
#.#...###.##...........#.###.
#.#
#..........g@....##...##.##.#
#.#..#.....#..#...#..###.###.
#.##.#.....#..#...#..###.# ##
..##.##...##.###...>.....# #
#.###..#...#..#)#.....#####
#. #..##.##.##.##.....## #.
#...#$#..#...#......## #.
#...###.##...##......## #
.####...#..#.....#.......####


You could see a gnoll.

Vanquished Creatures
  4 endoplasms (D:1)
  A kobold (D:1)
  2 ball pythons (D:1)
  2 frilled lizards (D:1)
  A rat (D:1)
10 creatures vanquished.

Notes
Turn   | Place    | Note
-------+----------+-------------------------------------------
     0 | D:1      | Glokmah the Draconian Warper began the quest for the Orb.
     0 | D:1      | Reached XP level 1. HP: 17/17 MP: 3/3
   209 | D:1      | Noticed a floating eye
   213 | D:1      | Noticed an eye of devastation
   216 | D:1      | Found a faded altar of an unknown god.
   217 | D:1      | Noticed a shining eye
   217 | D:1      | Noticed a shining eye
   761 | D:1      | Reached XP level 2. HP: 25/25 MP: 5/5
   766 | D:1      | Slain by a gnoll

Illustrated notes

Levels and vault maps discovered:
D:1:      mrwooster_arrival_arrow, layout_loops_corners,
          hellmonk_ecumenical_altar_watching_god, minmay_unequal

Action                   || total
-------------------------++-------
Melee: Spear             ||    42
       Tailslap          ||     1
Armor: Skin              ||     7
Dodge: Dodged            ||    18

Table legend: (Time is in decaauts)
 A = Elapsed time spent in this place.
 B = Non-inter-level travel time spent in this place.
 C = Inter-level travel time spent in this place.
 D = Time resting spent in this place.
 E = Time spent auto-exploring this place.
 F = Levels seen in this place.
 G = Mean time per level.
                   A        B        C        D        E       F      G
               +--------+--------+--------+--------+--------+-----+--------+
         Total |    767 |    767 |      0 |      0 |    674 |   1 |  767.0 |
       Dungeon |    767 |    767 |      0 |      0 |    674 |   1 |  767.0 |
               +--------+--------+--------+--------+--------+-----+--------+

Top non-repeatable levels by time:
     D:1: 767 daAuts
